 Dungeon Crawl Stone Soup version 0.29.0-4-gdea44cf6ec (webtiles) character file.

Game seed: 3518831075584265056

102 qw the Chopper (level 4, -4/26 HPs)
             Began as a Tengu Warper on Aug 28, 2022.
             Slain by a gnoll
             ... wielding a +0 spear of pain
              (6 damage)
             ... on level 4 of the Dungeon.
             The game lasted 00:00:16 (3321 turns).

qw the Chopper (Tengu Warper)                       Turns: 3321, Time: 00:00:17

Health: -4/26      AC:  6    Str: 11    XL:     4   Next: 78%
Magic:  8/8        EV:  9    Int: 11    God:
Gold:   186        SH:  0    Dex: 22    Spells: 7/7 levels left

rFire   + . .      SeeInvis .   Y - +0 hand axe (chaos)
rCold   . . .      Faith    .   (no shield)
rNeg    . . .      Spirit   .   a - +0 scale mail
rPois   +          Reflect  .   (helmet restricted)
rElec   .          Harm     .   (no cloak)
rCorr   .          Rampage  .   (no gloves)
Will    .....                   (boots unavailable)
Stlth   ..........              (no amulet)
HPRegen 0.08/turn               c - ring of protection from fire
MPRegen 0.11/turn               h - ring of poison resistance

@: no status effects
A: beak, talons 3, agile 2
a: no special abilities


You were on level 4 of the Dungeon.
You visited 1 branch of the dungeon, and saw 4 of its levels.

You collected 186 gold pieces.


Innate Abilities, Weirdness & Mutations

You have a beak for a mouth.
You have claws for feet.
You are very agile. (Dex +8, Str/Int -2)


   Skills:
 - Level 2.0 Fighting
 + Level 5.3 Axes
 - Level 1.0 Throwing
 - Level 1.1 Armour
 - Level 2.1 Dodging
 - Level 2.0 Spellcasting
 - Level 2.4 Translocations


You had 7 spell levels left.
You didn't know any spells.
Your spell library contained the following spells:

 Spells                   Type           Power      Damage    Failure   Level
 Blink                    Tloc           12%        N/A       69%         2
 Gell's Gravitas          Tloc           6%         N/A       89%         3
 Lesser Beckoning         Tloc           6%         N/A       89%         3
 Teleport Other           Tloc           6%         N/A       89%         3
 Manifold Assault         Tloc           6%         N/A       100%        5

Inventory:

Hand Weapons
 b - a +0 whip
 Y - a +0 hand axe of chaos (weapon)
Missiles
 l - a silver javelin (quivered)
Armour
 a - a +0 scale mail (worn)
Jewellery
 c - a ring of protection from fire (left hand)
 h - a ring of poison resistance (right hand)
 o - an amulet of reflection
Scrolls
 f - a scroll of identify
Potions
 d - a potion of attraction {unknown}
 e - 2 potions of haste
 g - a potion of curing {unknown}
 i - a potion of mutation
 j - a potion of flight {unknown}
 m - a potion of degeneration {unknown}
 n - a potion of lignification {unknown}

Dungeon Overview and Level Annotations

Branches:
Dungeon (4/15)
 Temple: D:4-7

Altars:
Ashenzari


Message History

The gnoll is severely wounded.
The gnoll closely misses you. The gnoll completely misses you.
You hit the gnoll.
The gnoll seems to grow stronger.
You peck the gnoll.
You kill the gnoll!
The gnoll hits you from afar with a +0 spear of pain.
You writhe in agony.
The gnoll hits you from afar with a +0 spear.
You hit the phantom. You claw the phantom, but do no damage.
The phantom is lightly damaged.
The gnoll hits you from afar with a +0 spear of pain.
The phantom hits you but does no damage.
The gnoll hits you from afar with a +0 spear.
You completely miss the phantom.
The phantom is lightly damaged.
The gnoll hits you from afar with a +0 spear.
The gnoll hits you but does no damage.
You writhe in agony.
The phantom closely misses you.
You hit the phantom but do no damage. Your peck misses the phantom.
The phantom is lightly damaged.
The gnoll hits you but does no damage. The phantom hits you.
The phantom blinks!
You blink.
3314 ||| READING scroll of teleportation.
As you read the scroll of teleportation, it crumbles to dust.
You feel strangely unstable. The phantom hits you.
You hit the phantom but do no damage.
The phantom is lightly damaged.
The gnoll hits you from afar with a +0 spear.
The phantom hits you but does no damage.
You hit the phantom.
The phantom is moderately damaged.
Your surroundings suddenly seem different.
3317 ||| Stepping ~*~*~tactically~*~*~ (hiding).
You start resting.
There are monsters nearby!
3320 ||| Stepping ~*~*~tactically~*~*~ (hiding).
You barely miss the phantom. Your kick misses the phantom.
The phantom is moderately damaged.
The gnoll hits you from afar with a +0 spear of pain.
You die...

#......#..##... # ..
###..............##
####.##.........#........
..#.......).....#........
..........)..............
...........g.g.##...)....
........##...W..#........
........##..##..#.......#
#....@#..##.........?#
##....Wg.##...........
#.......#...##.#..#..
#............###...##.
#..........### ###..##
###........##### #..##
......>........# #....
...............# ##...
.........#......## ###.#


You could see a phantom and a gnoll.

Vanquished Creatures
  A gnoll (D:4)
  4 adders
  2 dart slugs
  An orc (D:3)
  3 bats
  2 endoplasms
  3 giant cockroaches
  6 hobgoblins
  4 jackals (D:2)
  7 kobolds
  3 quokkas
  6 ball pythons
  3 frilled lizards
  5 goblins
  A rat (D:1)
51 creatures vanquished.

Notes
Turn   | Place    | Note
-------+----------+-------------------------------------------
     0 | D:1      | qw the Tengu Warper began the quest for the Orb.
     0 | D:1      | Reached XP level 1. HP: 12/12 MP: 4/4
     0 | D:1      | 0 ||| qw: Version: 0.1-a-89-g26bdef1
     0 | D:1      | 0 ||| qw: Game counter: 1349
     0 | D:1      | 0 ||| qw: Always use a shield: true
     0 | D:1      | 0 ||| qw: God list: Okawaru
     0 | D:1      | 0 ||| qw: Allow faded altars: false
     0 | D:1      | 0 ||| qw: Do Orc after D:15 true
     0 | D:1      | 0 ||| qw: Do second Lair branch before Depths: true
     0 | D:1      | 0 ||| qw: Lair rune preference: random
     0 | D:1      | 0 ||| qw: Plans: Normal
     0 | D:1      | 0 ||| PLANNING D:1-11
   289 | D:1      | 289 ||| Stepping ~*~*~tactically~*~*~ (stealth).
   291 | D:1      | 291 ||| Stepping ~*~*~tactically~*~*~ (stealth).
   304 | D:1      | 304 ||| Stepping ~*~*~tactically~*~*~ (stealth).
   312 | D:1      | HP: 2/12 [hobgoblin (3)]
   314 | D:1      | Reached XP level 2. HP: 3/17 MP: 6/6
   317 | D:1      | 317 ||| Stepping ~*~*~tactically~*~*~ (stealth).
   318 | D:1      | 318 ||| Stepping ~*~*~tactically~*~*~ (stealth).
   323 | D:1      | Reached skill level 3 in Axes
   589 | D:1      | 589 ||| Stepping ~*~*~tactically~*~*~ (stealth).
   616 | D:1      | 616 ||| Stepping ~*~*~tactically~*~*~ (stealth).
   617 | D:1      | 617 ||| Stepping ~*~*~tactically~*~*~ (stealth).
   621 | D:1      | 621 ||| Stepping ~*~*~tactically~*~*~ (stealth).
   625 | D:1      | 625 ||| Stepping ~*~*~tactically~*~*~ (stealth).
   972 | D:1      | Found a faded altar of an unknown god.
  1015 | D:1      | 1015 ||| UPGRADING to +2 robe of willpower.
  1025 | D:1      | 1025 ||| DROPPING +0 leather armour.
  1026 | D:1      | 1026 ||| DROPPING amulet of magic regeneration.
  1027 | D:1      | 1027 ||| READING scroll labelled ATIQAF UMEIFU.
  1028 | D:1      | 1028 ||| READING scroll labelled ZITONYZ BUIX.
  1029 | D:1      | 1029 ||| DRINKING 3 white potions.
  1030 | D:1      | 1030 ||| DROPPING scroll of blinking.
  1049 | D:2      | 1049 ||| Stepping ~*~*~tactically~*~*~ (hiding).
  1348 | D:2      | Reached skill level 4 in Axes
  1348 | D:2      | Reached XP level 3. HP: 21/21 MP: 7/7
  1714 | D:2      | Reached XP level 4. HP: 26/26 MP: 8/8
  1886 | D:2      | 1886 ||| Stepping ~*~*~tactically~*~*~ (stealth).
  2056 | D:2      | 2056 ||| Stepping ~*~*~tactically~*~*~ (stealth).
  2159 | D:2      | 2159 ||| UPGRADING to +0 scale mail.
  2169 | D:2      | 2169 ||| DROPPING +2 robe of willpower.
  2170 | D:2      | 2170 ||| UPGRADING to ring of protection from fire.
  2171 | D:2      | 2171 ||| READING scroll labelled ATI SAFROQAI.
  2172 | D:2      | 2172 ||| READING scroll labelled ZOIRGH TETENUNN.
  2173 | D:2      | 2173 ||| DRINKING 2 cyan potions.
  2173 | D:2      | Gained mutation: You are agile. (Dex +4, Str/Int -1)
                  | [potion of mutation]
  2173 | D:2      | Gained mutation: You are very agile. (Dex +8, Str/Int -2)
                  | [potion of mutation]
  2174 | D:2      | 2174 ||| Stepping randomly (stuck).
  2175 | D:2      | 2175 ||| Stepping ~*~*~tactically~*~*~ (cloud).
  2179 | D:2      | HP: 6/26 [poisoned by you (poison gas)]
  2183 | D:2      | HP: 2/26 [poisoned by you (poison gas)]
  2645 | D:3      | 2645 ||| Stepping ~*~*~tactically~*~*~ (hiding).
  2803 | D:3      | Reached skill level 5 in Axes
  3121 | D:3      | Found a broken altar of Ashenzari.
  3160 | D:3      | 3160 ||| UPGRADING to ring of poison resistance.
  3161 | D:3      | 3161 ||| READING 2 scrolls labelled GONWEE YSKY.
  3306 | D:4      | Noticed a phantom
  3313 | D:4      | HP: 5/26 [phantom (4)]
  3314 | D:4      | 3314 ||| READING scroll of teleportation.
  3315 | D:4      | HP: 2/26 [gnoll/+0 spear (2)]
  3317 | D:4      | 3317 ||| Stepping ~*~*~tactically~*~*~ (hiding).
  3320 | D:4      | 3320 ||| Stepping ~*~*~tactically~*~*~ (hiding).
  3321 | D:4      | Slain by a gnoll

Levels and vault maps discovered:
D:1:      dpeg_arrival_ternary, layout_rooms, shapermc_ecumenical_altar_ellora,
          minivault_14
D:2:      layout_basic
D:3:      layout_basic, cheibrodos_ashenzari_chains
D:4:      layout_cave_pools, mainiacjoe_overflow_boulevard,
          mainiacjoe_overflow_concentric_impassable, hangedman_decor_lopped,
          minmay_diced_spiral

Skill      XL: |  1  2  3  4 |
---------------+-------------+-----
Axes           | 4 5 |  5.3
Fighting       | |  2.0
Throwing       | |  1.0
Armour         | |  1.1
Dodging        | |  2.1
Spellcasting   | |  2.0
Translocations | |  2.4

Action                   |  1- 3 |  4- 6 || total
-------------------------+-------+-------++-------
Melee: Hand axe          |    91 |    55 ||   146
       Kick              |    19 |    10 ||    29
       Peck              |     9 |    10 ||    19
       Punch             |     2 |     1 ||     3
Throw: Boomerang         |     7 |       ||     7
       Javelin           |       |     1 ||     1
  Use: Scroll            |     2 |     4 ||     6
       Potion            |     1 |     1 ||     2
Armor: Leather armour    |     8 |       ||     8
       Robe              |    16 |    12 ||    28
       Scale mail        |       |    18 ||    18
Dodge: Dodged            |    41 |    39 ||    80

Table legend:
 A = Non-vault XP
 B = Vault XP
 C = Vault XP percentage of total XP
 D = Non-vault monster count
 E = Vault monster count
 F = Vault count percentage of total count
                 A         B        C        D         E       F
            +---------+---------+-------+---------+---------+-------
      Total |     147 |       0 |   0.0 |      51 |       0 |   0.0
            +---------+---------+-------+---------+---------+-------
        D:1 |      27 |       0 |   0.0 |      17 |       0 |   0.0
        D:2 |      72 |       0 |   0.0 |      21 |       0 |   0.0
        D:3 |      30 |       0 |   0.0 |      10 |       0 |   0.0
        D:4 |      18 |       0 |   0.0 |       3 |       0 |   0.0
            +---------+---------+-------+---------+---------+-------
